Map: Nightshade LE

Players

fireball - Winner!

  • Race: Protoss Protoss
  • Spawn Location: 11:00

BabyZergling

  • Race: Protoss Protoss
  • League: Silver
  • Spawn Location: 5:00

VOD

Have the link to the VOD?

Description

Time

  • Played on: Jan. 5, 2020, 6:24 p.m.
  • Length: 13:27
Show
View Real Time Build Order
Export as new Build Order

fireball Protoss - Winner!

Build Orders: 1 Gate Expand, Archon Immortal, Blink Stalkers 

Get SALT Encoding   

  12  0:02  Probe  
  13  0:14  Probe  
  13  0:19  Pylon  
  14  0:26  Probe  
  15  0:38  Probe  
  16  0:44  Gateway  
  16  0:51  Probe  
  17  1:03  Probe  
  18  1:15  Probe  
  19  1:19  Nexus  
  19  1:24  Assimilator  
  19  1:27  Probe  
  20  1:37  Cybernetics Core  
  20  1:49  Probe  
  21  2:01  Probe  
  22  2:10  Pylon  
  22  2:13  Probe  
  23  2:21  Assimilator  
  23  2:28  Adept (Chrono Boost)  
  25  2:38  Robotics Facility  
  25  2:43  Probe  
  26  2:48  Probe  
  26  2:49  Warp Gate (Chrono Boost)  
  27  2:55  Probe  
  28  3:00  Probe  
  29  3:06  Twilight Council  
  29  3:08  Probe  
  29  3:09  Assimilator  
  31  3:12  Probe  
  31  3:13  Assimilator  
  31  3:20  Probe  
  31  3:24  Probe  
  33  3:32  Probe  
  34  3:35  Immortal  
  34  3:37  Probe  
  39  3:44  Probe (Chrono Boost)  
  40  3:50  Probe (Chrono Boost)  
  42  3:56  Probe (Chrono Boost)  
  42  3:59  Blink (Chrono Boost)  
  42  4:00  Probe (Chrono Boost)  
  42  4:02  Probe (Chrono Boost)  
  43  4:04  Probe (Chrono Boost)  
  45  4:10  Probe  
  45  4:12  Templar Archives  
  46  4:17  Gateway  
  46  4:30  Pylon  
  46  4:32  Pylon  
  46  4:36  Pylon  
  46  4:48  Psionic Storm, Probe x2  
  48  4:53  Gateway  
  48  4:55  Gateway  
  48  5:00  Probe x2  
  48  5:01  Gateway  
  50  5:08  Gateway  
  50  5:12  Probe  
  50  5:13  Gateway  
  51  5:23  High Templar  
  51  5:24  High Templar  
  51  5:27  Warp Prism  
  57  5:33  Archon  
  57  5:51  Charge (Chrono Boost)  
  57  5:53  Zealot x2  
  57  5:55  Zealot  
  57  5:56  Zealot x2  
  67  6:04  Pylon  
  67  6:05  Pylon  
  67  6:07  Pylon  
  67  6:11  Pylon  
  67  6:22  Immortal  
  72  6:25  Probe x2  
  73  6:37  Probe  
  73  6:38  Probe  
  75  6:51  Nexus  
  75  7:07  Immortal  
  75  7:08  Probe x2  
  80  7:12  Stalker x4  
  80  7:13  Stalker  
  91  7:20  Probe x2  
  93  7:27  Assimilator  
  93  7:30  Assimilator  
  93  7:32  Probe x2  
  93  7:36  High Templar x3  
  101  7:44  Probe  
  101  7:50  Pylon  
  102  7:52  Pylon  
  102  7:55  Pylon  
  102  7:57  Pylon  
  102  8:00  Probe x2  
  100  8:13  Probe x2  
  96  8:25  Probe  
  97  8:29  Probe  
  99  8:37  Probe  
  99  8:49  Probe  
  99  8:53  Zealot  
  99  8:54  Zealot x5  
  112  8:56  Sentry  
  114  9:15  High Templar x2  
  114  9:16  High Templar  
  120  9:17  Sentry x3  
  120  9:19  Sentry  
  128  9:26  Immortal  
  132  9:40  Stalker, Dark Shrine  
  132  9:41  Stalker x2  
  132  9:44  Stalker  
  140  9:48  Sentry  
  140  9:49  Sentry x2  
  146  9:53  Archon  
  146  10:02  Robotics Facility  
  146  10:06  Robotics Bay  
  146  10:15  Pylon x2  
  146  10:17  Pylon  
  146  10:18  Pylon  
  146  10:20  Pylon  
  146  10:53  Dark Templar x3  
  146  10:54  Dark Templar x4  
  160  11:04  Extended Thermal Lance  
  160  11:06  Disruptor  
  160  11:07  Disruptor  
  166  11:26  Stalker x2  
  166  11:27  Stalker x5  
  180  11:47  Pylon  
  180  11:48  Pylon  
  180  11:50  Pylon  
Show
View Real Time Build Order
Export as new Build Order

BabyZergling Protoss 

Build Orders:  

Get SALT Encoding   

  12  0:01  Probe (Chrono Boost)  
  13  0:12  Probe (Chrono Boost)  
  14  0:24  Pylon  
  14  0:29  Probe  
  15  0:42  Probe  
  16  0:52  Assimilator  
  16  0:57  Gateway, Probe  
  17  1:06  Gateway  
  17  1:15  Probe (Chrono Boost)  
  18  1:25  Probe (Chrono Boost)  
  19  1:27  Assimilator  
  19  1:39  Probe  
  20  1:49  Cybernetics Core  
  20  1:54  Pylon  
  20  1:56  Probe  
  21  2:19  Nexus  
  21  2:34  Stalker (Chrono Boost)  
  21  2:35  Warp Gate  
  23  2:39  Probe  
  26  2:44  Stalker (Chrono Boost)  
  26  3:02  Stalker, Robotics Facility  
  29  3:05  Probe  
  29  3:20  Pylon  
  29  3:37  Probe x2  
  31  3:44  Forge  
  31  3:45  Gateway  
  31  3:49  Probe  
  31  3:50  Observer  
  31  3:51  Stalker (Chrono Boost)  
  31  3:55  Probe  
  36  4:01  Probe  
  37  4:09  Probe  
  38  4:11  Observer (Chrono Boost)  
  38  4:19  Probe  
  39  4:25  Protoss Ground Weapons Level 1, Probe  
  39  4:29  Gateway  
  40  4:39  Zealot  
  40  4:40  Zealot  
  40  4:41  Pylon, Probe  
  40  4:42  Probe  
  46  4:50  Pylon  
  46  4:59  Sentry  
  48  5:10  Sentry  
  48  5:12  Stalker  
  52  5:14  Probe  
  52  5:15  Probe  
  52  5:18  Immortal  
  58  5:26  Probe  
  59  5:30  Photon Cannon  
  59  5:33  Photon Cannon, Probe  
  60  5:43  Pylon  
  60  5:44  Probe  
  61  5:59  Assimilator  
  61  6:01  Assimilator  
  61  6:03  Stargate  
  61  6:04  Stargate  
  61  6:09  Probe  
  61  6:11  Probe  
  63  6:28  Immortal  
  63  6:29  Photon Cannon  
  67  6:33  Pylon  
  67  6:39  Probe  
  68  6:40  Probe  
  68  6:41  Protoss Ground Armor Level 1 (Chrono Boost)  
  69  6:52  Twilight Council  
  69  6:56  Photon Cannon  
  69  7:00  Photon Cannon  
  69  7:04  Stalker x2  
  69  7:05  Stalker  
  69  7:08  Phoenix  
  77  7:11  Probe  
  77  7:12  Probe  
  79  7:30  Charge (Chrono Boost)  
  79  7:34  Zealot  
  79  7:35  Zealot  
  79  7:36  Zealot  
  85  7:57  Shield Battery  
  77  8:22  Stalker  
  77  8:23  Stalker x3  
  85  8:32  Fleet Beacon  
  85  8:40  Observer  
  86  8:46  Protoss Ground Weapons Level 2 (Chrono Boost), Pylon  
  86  8:52  Pylon  
  86  9:01  Blink (Chrono Boost)  
  86  9:02  Immortal (Chrono Boost)  
  86  9:04  Probe x2  
  92  9:11  Sentry  
  92  9:12  Zealot  
  92  9:13  Void Ray (Chrono Boost)  
  92  9:14  Zealot  
  102  9:18  Pylon  
  102  9:23  Pylon  
  102  9:34  Nexus  
  102  9:36  Probe x2  
  104  9:45  Photon Cannon  
  104  9:48  Photon Cannon, Probe x2  
  104  9:50  Carrier  
  104  9:51  Photon Cannon  
  104  9:52  Shield Battery  
  112  10:00  Probe  
  113  10:13  Pylon  
  113  10:28  Stargate  
  113  10:31  Stargate  
  113  10:51  Zealot  
  113  10:52  Zealot x2  
  113  10:53  Tempest (Chrono Boost)  
  113  10:55  Immortal (Chrono Boost)  
  128  11:06  Carrier (Chrono Boost)  
  134  11:30  Immortal (Chrono Boost)  
  140  11:53  Carrier (Chrono Boost)  
  102  12:20  Zealot x2  
Tags
 
Add a new tag
Caveats
  • Supply blocks, unpowered buildings, or Contaminate may cause inaccurate times.
  • Supply counts are checked every 10 seconds.